 Dungeon Crawl Stone Soup version 0.23.2-30-g0e89c35649 (webtiles) character file.

Game seed: 3078482429848622733

18 lepoulpe303 the Vandal (level 2, 0/19 HPs)
             Began as a Halfling Hunter on June 19, 2019.
             Slain by a leopard gecko (1 damage)
             ... on level 1 of the Dungeon.
             The game lasted 00:02:38 (397 turns).

lepoulpe303 the Vandal (Halfling Hunter)             Turns: 397, Time: 00:02:39

Health: 0/19       AC:  3    Str: 13    XL:     2   Next: 90%
Magic:  2/2        EV: 14    Int:  9    God:
Gold:   56         SH:  0    Dex: 14    Spells: 1/1 levels left

rFire    . . .     SeeInvis .   b - +0 short sword
rCold    . . .     Gourm    .   (shield restricted)
rNeg     . . .     Faith    .   c - +0 leather armour
rPois    .         Spirit   .   (no helmet)
rElec    .         Reflect  .   (no cloak)
rCorr    .         Harm     .   (no gloves)
MR       .....                  (no boots)
Stlth    ++........             (no amulet)
HPRegen  0.06/turn              (no ring)
MPRegen  0.08/turn              (no ring)

@: no status effects
A: small, mutation resistance 1
a: no special abilities


You were on level 1 of the Dungeon.
You were not hungry.

You visited 1 branch of the dungeon, and saw 1 of its levels.

You collected 56 gold pieces.

Inventory:

Hand Weapons
 a - a +1 hunting sling
 b - a +0 short sword (weapon)
 j - a +0 whip of flaming
Missiles
 d - 36 sling bullets
 Q - 9 stones (quivered)
Armour
 c - a +0 leather armour (worn)
 g - a +0 chain mail
Jewellery
 f - an uncursed ring of flight {unknown}
 n - a +3 amulet of reflection {unknown}
Scrolls
 i - a scroll of identify {unknown}
 m - a scroll of teleportation {unknown}
 o - a scroll of fog {unknown}
Potions
 k - 2 potions of invisibility {unknown}
 l - a potion of brilliance {unknown}
Comestibles
 e - a ration


   Skills:
 * Level 2.2 Fighting
 + Level 0.1 Short Blades
 * Level 6.2 Slings
 + Level 2.4 Dodging
 + Level 1.5 Stealth


You had one spell level left.
You didn't know any spells.
Your spell library was empty.

Dungeon Overview and Level Annotations

Branches:
Dungeon (1/15)

Altars:


Innate Abilities, Weirdness & Mutations

You are small and have problems with some larger weapons.
You are somewhat resistant to further mutation.


Message History

The ball python constricts you.
You take 1 damage, and have 4/19 hp.
You hit the ball python. The ball python misses you.
* * * LOW HITPOINT WARNING * * *
The ball python constricts you.
You take 1 damage, and have 3/19 hp.
You closely miss the ball python. The ball python bites you.
* * * LOW HITPOINT WARNING * * *
The ball python constricts you. The ball python closely misses you.
The ball python constricts you.
You take 1 damage, and have 2/19 hp.
You hit the ball python.
You kill the ball python!
You hit the leopard gecko. The leopard gecko bites you.
* * * LOW HITPOINT WARNING * * *
The leopard gecko closely misses you.
You take 1 damage, and have 1/19 hp.
You miss the leopard gecko. The leopard gecko barely misses you.
You barely miss the leopard gecko. The leopard gecko bites you.
You die...

... ♣.♣♣♣ . .. ... ..
..# ♣.. .(. .. ... ..(.
#.
...(.#.########.########
......(.................
#l# ######.##. .
#@####### #...##.
.(..#.......# #.####.
.........###.# #.# #.
########.# #.# #.# #.
#.# #.####.# #. #.#
#......# .. #.# ########
## #.# #..


You could see a leopard gecko.

Levels and vault maps discovered:
D:1:      roderic_dead_forest, layout_basic

Notes
Turn   | Place    | Note
-------+----------+-------------------------------------------
     0 | D:1      | lepoulpe303 the Halfling Hunter began the quest for the
                  | Orb.
     0 | D:1      | Reached XP level 1. HP: 14/14 MP: 1/1
    43 | D:1      | Reached skill level 2 in Fighting
    46 | D:1      | Reached skill level 6 in Slings
    63 | D:1      | Identified a +0 whip of flaming
    64 | D:1      | Reached XP level 2. HP: 19/19 MP: 2/2
   337 | D:1      | lepoulpe303: !whichgod hahu
   337 | D:1      | meem: 95 recent wins for hahu: 48x Okawaru, 8x The Shining
                  | One, 7x Zin, 6x Gozag, 5x Fedhas, 3x Uskayaw, 3x Elyvilon,
                  | 3x Hepliaklqana, 3x Dithmenos, 3x Trog, 2x Ru, 2x Qazlal,
                  | Makhleb, Nemelex Xobeh
   375 | D:1      | Identified a +0 short sword
   391 | D:1      | HP: 4/19 [ball python (1)]
   395 | D:1      | HP: 1/19 [leopard gecko (1)]
   397 | D:1      | Slain by a leopard gecko

Table legend:
 A = Turns spent in this place as a percentage of turns spent in the entire game.
 B = Non-inter-level travel turns spent in this place as a percentage of non-inter-level travel turns spent in the entire game.
 C = Inter-level travel turns spent in this place as a percentage of turns spent in this place.
 D = Turns resting spent in this place as a percentage of non-inter-level travel turns spent in this place.
 E = Turns spent auto-exploring this place as a percentage of non-inter-level travel turns spent in this place.
 F = Non-inter-level travel turns spent in this place divided by the number of levels of this place that you've seen.
                   A       B       C       D       E      F
               +-------+-------+-------+-------+-------+----------------------
         Total | 100.0 | 100.0 |   0.0 |   0.0 |  77.3 | 397.0
       Dungeon | 100.0 | 100.0 |   0.0 |   0.0 |  77.3 | 397.0
               +-------+-------+-------+-------+-------+----------------------

Table legend:
 A = Kills in this place as a percentage of kills in entire the game.
 B = Kills by you in this place as a percentage of kills by you in the entire game.
 C = Kills by friends in this place as a percentage of kills by friends in the entire game.
 D = Other kills in this place as a percentage of other kills in the entire game.
 E = Experience gained in this place as a percentage of experience gained in the entire game.
 F = Experience gained in this place divided by the number of levels of this place that you have seen.
                   A       B       C       D       E      F
               +-------+-------+-------+-------+-------+----------------------
         Total | 100.0 | 100.0 |   N/A |   N/A | 100.0 |  27.0
       Dungeon | 100.0 | 100.0 |   N/A |   N/A | 100.0 |  27.0
               +-------+-------+-------+-------+-------+----------------------

Skill      XL: |  1 |
---------------+----+-----
Fighting       | 2 |  2.2
Slings         | 6 |  6.2
Short Blades   | |  0.1
Dodging        | |  2.4
Stealth        | |  1.5

Action                   || total
-------------------------++-------
Melee: Short sword       ||    22
 Fire: Hunting sling     ||    22
Armor: Leather armour    ||     3
Dodge: Dodged            ||    20

Vanquished Creatures
  2 ball pythons (D:1)
  5 bats (D:1)
  2 goblins (D:1)
  2 hobgoblins (D:1)
  4 jackals (D:1)
  A kobold (D:1)
16 creatures vanquished.
